 Dungeon Crawl Stone Soup version 0.30.1-9-gdf580d7c3d (webtiles) character file.

Game seed: 15646715366779117631

30 jagang the Ducker (level 3, -3/27 HPs)
             Began as a Human Gladiator on Sept 29, 2023.
             Slain by a gnoll
             ... wielding a +0 flail
              (5 damage)
             ... on level 2 of the Dungeon.
             The game lasted 00:02:21 (960 turns).

jagang the Ducker (Human Gladiator)                  Turns: 960, Time: 00:02:21

Health: -3/27      AC:  5    Str: 14    XL:     3   Next: 35%
Magic:  3/3        EV: 13    Int:  8    God:
Gold:   103        SH:  0    Dex: 16    Spells: 2/2 levels left

rFire   . . .        a - +0 long sword
rCold   . . .        m - orb {*Rage}
rNeg    . . .        b - +0 leather armour
rPois   .            c - +0 helmet
rElec   .            (no cloak)
rCorr   .            (no gloves)
SInv    .            f - +0 pair of boots
Will    .....        (no amulet)
Stlth   +            (no ring)
HPRegen 0.24/turn    (no ring)
MPRegen 0.08/turn

%: random rage (20%)
@: studying Short Blades
A: no striking features
a: no special abilities


You were on level 2 of the Dungeon.
You visited 1 branch of the dungeon, and saw 2 of its levels.

You collected 103 gold pieces.

Inventory:

Hand Weapons
 a - a +0 long sword (weapon)
Missiles
 d - 3 throwing nets
 e - a javelin (quivered)
Armour
 b - a +0 leather armour (worn)
 c - a +0 helmet (worn)
 f - a +0 pair of boots (worn)
 m - an orb of wrath (worn)
Scrolls
 g - a scroll of acquirement {unknown}
 j - a scroll of enchant weapon {unknown}
 k - 3 scrolls of magic mapping {unknown}
 l - a scroll of teleportation {unknown}
Potions
 h - a potion of brilliance {unknown}
 i - 2 potions of haste {unknown}


   Skills:
 + Level 2.2 Fighting
 * Level 3.4 Long Blades
 + Level 2.1 Throwing
 + Level 0.8 Armour
 * Level 3.4 Dodging


You had 2 spell levels left.
You didn't know any spells.
Your spell library was empty.

Dungeon Overview and Level Annotations

Branches:
Dungeon (2/15)

Altars:


Message History

The hobgoblin closely misses you.
You hit the hobgoblin but do no damage.
The hobgoblin is heavily wounded.
The hobgoblin hits you but does no damage.
You closely miss the hobgoblin.
The hobgoblin is heavily wounded.
The hobgoblin misses you.
You hit the hobgoblin.
You kill the hobgoblin!
No target in view!
You start putting on your armour.
You continue putting on your orb of wrath. x4
You finish putting on your orb of wrath.
A gnoll comes into view. It is wielding a +0 flail.
The gnoll shouts!
You hear a shout!
You see here a hobgoblin corpse. 2 gnolls come into view.
The gnoll shouts!
You hear a shout!
You hit the gnoll.
The gnoll is lightly wounded.
A gnoll comes into view. It is wielding a +0 halberd.
The gnoll barely misses you.
You hit the gnoll but do no damage.
The gnoll is lightly wounded.
The gnoll hits you with a +0 flail.
A hobgoblin comes into view.
The hobgoblin shouts!
You hit the gnoll.
The gnoll is moderately wounded.
The gnoll completely misses you.
You hit the gnoll but do no damage.
The gnoll is moderately wounded.
The gnoll hits you with a +0 flail. The gnoll hits you with a +0 flail!
* * * LOW HITPOINT WARNING * * *
You are too injured to fight recklessly!
You are too injured to fight recklessly!
The gnoll attacks as you move away! The gnoll hits you with a +0 club.
* * * LOW HITPOINT WARNING * * *
The gnoll hits you but does no damage. The gnoll hits you with a +0 flail.
You die...

... ## ......########.#
............#..# #.#
######.....# #.#
####.#.#.#
###.#####........###
..###...................
......#@.)...........###
...g.ggg.†........##.# #
.....................###
..#####...........##....
#g.........###.###
#.........## #.# #
...(...#### #.# #
.......## #.# #
........# #.###


You could see 4 gnolls and a hobgoblin.

Vanquished Creatures
  A dart slug (D:1)
  2 ball pythons (D:1)
  A bat (D:1)
  6 endoplasms (D:1)
  2 goblins
  3 hobgoblins
  3 jackals (D:1)
  A quokka (D:1)
  A frilled lizard (D:1)
  3 kobolds
23 creatures vanquished.

Notes
Turn   | Place    | Note
-------+----------+-------------------------------------------
     0 | D:1      | jagang the Human Gladiator began the quest for the Orb.
     0 | D:1      | Reached XP level 1. HP: 16/16 MP: 1/1
   100 | D:1      | Reached XP level 2. HP: 17/22 MP: 2/2
   439 | D:1      | Reached XP level 3. HP: 27/27 MP: 3/3
   840 | D:1      | You fall into a shaft and drop 1 floor!
   960 | D:2      | Slain by a gnoll

Illustrated notes

Levels and vault maps discovered:
D:1:      minmay_arrival_open_corners, layout_basic, minmay_octomino_j4
D:2:      layout_rooms

Action                     || total
---------------------------++-------
  Melee: Long sword        ||    83
  Throw: Javelin           ||     1
         Throwing net      ||     1
   Stab: Sleeping          ||     2
 Armour: Leather armour    ||    33
  Dodge: Dodged            ||    52
